 Dungeon Crawl Stone Soup version 0.20.1-1-g8b1a95d (webtiles) character file.

21 Kingsmith the Charmwright (level 3, 25/27 HPs)
             Began as a Human Skald on Dec 10, 2017.
             Got out of the dungeon alive.
             The game lasted 00:02:13 (579 turns).

Kingsmith the Charmwright (Human Skald)              Turns: 579, Time: 00:02:14

Health: 25/27      AC:  3    Str: 12    XL:     3   Next: 2%
Magic:  7/7        EV: 12    Int: 13    God:
Gold:   19         SH:  0    Dex: 12    Spells: 7/8 levels left

rFire    . . .     SeeInvis .   a - +0 falchion
rCold    . . .     Gourm    .   (no shield)
rNeg     . . .     Faith    .   b - +0 leather armour
rPois    .         Spirit   .   (no helmet)
rElec    .         Reflect  .   (no cloak)
rCorr    .         Harm     .   (no gloves)
MR       .....                  (no boots)
Stlth    +.........             (no amulet)
Regen    0.1/turn               (no ring)
MPRegen  0.1/turn               (no ring)

@: no status effects
A: no striking features
a: no special abilities


You escaped.
You were not hungry.

You visited 1 branch of the dungeon, and saw 1 of its levels.

You collected 19 gold pieces.

Inventory:

Hand Weapons
 a - a +0 falchion (weapon)
Armour
 b - a +0 leather armour (worn)
Jewellery
 f - a +6 ring of protection {unknown}
Scrolls
 g - a scroll of enchant armour {unknown}
 h - 2 scrolls of enchant weapon {unknown}
 l - a scroll of identify {unknown}
 m - a scroll of teleportation {unknown}
Potions
 e - a potion of heal wounds {unknown}
 j - a potion of curing {unknown}
 k - a potion of degeneration {unknown}
 n - a potion of might {unknown}
Books
 c - a book of Battle

   Spells                             Type                      Level
   a - Infusion                       Charms                       1
   b - Shroud of Golubria             Charms/Translocation         2
   c - Song of Slaying                Charms                       2
   d - Spectral Weapon                Hexes/Charms                 3
   e - Regeneration                   Charms/Necromancy            3
Comestibles
 d - a bread ration
 i - 2 fruits


   Skills:
 - Level 2.0 Fighting
 - Level 2.0 Long Blades
 - Level 1.0 Armour
 + Level 2.0 Dodging
 - Level 3.0 Spellcasting
 - Level 3.0 Charms


You had 7 spell levels left.
You knew the following spells:

 Your Spells              Type           Power        Failure   Level  Hunger
a - Infusion              Chrm           #...         9%          1    #......


Dungeon Overview and Level Annotations

Branches:
Dungeon (1/15)

Altars:

Annotations:
D:1 1 runed door


Message History

The bat is severely wounded.
The bat hits you. The bat hits you but does no damage.
You hit the bat.
You kill the bat!
You have reached level 3!
Your experience leads to an increase in your attributes!
Increase (S)trength, (I)ntelligence, or (D)exterity?
You feel stronger.
(D) Dungeon
Where to? (? - help)
Okay, then.
There is an open door here.
You open the door.
There is an open door here.
The jackal barks!
The giant cockroach waves its antennae.
There is a staircase leading out of the dungeon here.
Are you sure you want to leave the Dungeon?
This will make you lose the game!
You have escaped!

###............................#
#..##..###############.......##
#......# .. .w... #.........
###..##..# ... .r. #.......#.
.........# ...hs #.##....#.
###..##..#######+#######.##....#.
##.)##..#........(....#.##....#.
#...##..+⌠....###....⌠+.#.......
#.#.##..#......@......#.......(.
#.......#..⌠...>...⌠..#.........
###.##..###'#######'###.#.......
#.##..................#.......
#.##'##########...)...........
#.........# #...............
#.........# #.......(.......
#)........# #########.......
#.........#######...........+#


There were no monsters in sight!

Vanquished Creatures
  A dart slug (D:1)
  A leopard gecko (D:1)
  A goblin (D:1)
  2 hobgoblins (D:1)
  5 bats (D:1)
  A frilled lizard (D:1)
  2 kobolds (D:1)
  5 rats (D:1)
18 creatures vanquished.

Notes
Turn   | Place    | Note
-------+----------+-------------------------------------------
     0 | D:1      | Kingsmith the Human Skald began the quest for the Orb.
     0 | D:1      | Reached XP level 1. HP: 16/16 MP: 3/3
     1 | D:1      | Found a runed door.
    92 | D:1      | Reached XP level 2. HP: 17/22 MP: 3/5
   560 | D:1      | Reached XP level 3. HP: 24/27 MP: 7/7
   579 | D:$      | Got out of the dungeon alive.

Skill      XL: |  1  2 |
---------------+-------+-----
Spellcasting   | 3 |  3.0
Fighting       | |  2.0
Long Blades    | |  2.0
Armour         | |  1.0
Dodging        | |  2.0
Charms         | |  3.0

Action                   || total
-------------------------++-------
Melee: Falchion          ||    42
 Cast: Infusion          ||     2
Armor: Leather armour    ||    19
Dodge: Dodged            ||    36
       Rpst.: Falchion   ||    11
